 Dungeon Crawl Stone Soup version 0.22.1-1-ga44c0e5 (webtiles) character file.

102 Zebedee the Sneak (level 4, -6/27 HPs)
             Began as an Octopode Wizard on Sept 21, 2018.
             Mangled by a kobold
             ... wielding a +0 whip
              (7 damage)
             ... on level 3 of the Dungeon.
             The game lasted 00:11:18 (2967 turns).

Zebedee the Sneak (Octopode Wizard)                 Turns: 2967, Time: 00:11:19

Health: -6/27      AC:  1    Str:  9    XL:     4   Next: 78%
Magic:  0/9        EV: 13    Int: 31    God:
Gold:   77         SH:  0    Dex: 10    Spells: 2/10 levels left

rFire    . . .     SeeInvis .   g - +0 short sword
rCold    . . .     Gourm    .   (no shield)
rNeg     . . .     Faith    .   a - +0 hat
rPois    .         Spirit   .   (no amulet)
rElec    .         Reflect  .   e - +5 ring of intelligence
rCorr    .         Harm     .   f - +3 ring of strength
MR       .....                  (no ring)
Stlth    +++.......             (no ring)
HPRegen  0.09/turn              (no ring)
MPRegen  0.11/turn              (no ring)
                                (no ring)
                                (no ring)

@: brilliant, lethally poisoned (-6 -> -9), hasted, very quick
A: almost no armour, stealthy swim, amphibious, 8 rings, constrict 8, camouflage
1, gelatinous body 1
a: no special abilities


You were on level 3 of the Dungeon.
You were not hungry.

You visited 1 branch of the dungeon, and saw 3 of its levels.

You collected 77 gold pieces.

Inventory:

Hand Weapons
 b - a cursed -2 club
 g - a +0 short sword (weapon)
 l - a cursed +0 hunting sling
 v - a +0 blowgun
Missiles
 m - 45 stones (quivered)
 w - 8 poisoned needles
Armour
 a - a +0 hat (worn)
Jewellery
 e - a +5 ring of intelligence (left tentacle)
 f - a +3 ring of strength (right tentacle)
Scrolls
 d - 2 scrolls of remove curse {unknown}
 i - 2 scrolls of enchant armour {unknown}
 p - a scroll of enchant weapon {unknown}
 r - 2 scrolls of magic mapping {unknown}
 s - 2 scrolls of identify {unknown}
 t - a scroll of immolation {unknown}
Potions
 k - a potion of lignification
 n - a potion of flight
 u - a potion of curing {unknown}
Comestibles
 c - 7 rations


   Skills:
 + Level 0.4 Short Blades
 + Level 2.4 Dodging
 + Level 4.1 Stealth
 + Level 3.5 Spellcasting
 + Level 1.5 Conjurations
 * Level 1.3 Summonings
 * Level 1.7 Translocations
 * Level 0.8 Fire Magic


You had 2 spell levels left.
You knew the following spells:

 Your Spells              Type           Power        Failure   Level  Hunger
a - Magic Dart            Conj           ####         1%          1    None
b - Blink                 Tloc           N/A          1%          2    None
c - Conjure Flame         Conj/Fire      ####....     1%          3    ##.....
d - Call Imp              Summ           ####....     1%          2    None

Your spell library contained the following spells:

 Spells                   Type           Power        Failure   Level  Hunger
 Slow                     Hex            ###.....     1%          2    None
 Mephitic Cloud           Conj/Pois/Air  ####....     1%          3    ##.....


Dungeon Overview and Level Annotations

Branches:
Dungeon (3/15)

Altars:
Nemelex Xobeh


Innate Abilities, Weirdness & Mutations

You cannot wear most types of armour.
You are very stealthy in the water. (Stealth+)
You are amphibious.
You can wear up to eight rings at the same time.
You can use your tentacles to constrict eight enemies at once.
Your skin changes colour to match your surroundings (Stealth+).
Your rubbery body absorbs attacks. (AC +1, EV +1)


Message History

Confirm with . or Enter, or press ? or * to list all spells.
Aiming: Magic Dart (safe; 4% risk of failure)
Press: ? - help, Shift-Dir - straight line, f/p - kobold
Aim: a kobold, wielding a whip You miscast Magic Dart.
Nothing appears to happen.
The kobold hits you but does no damage.
It was a potion of cancellation.
Your magical effects are unravelling.
You feel magically purged.
Your magical contamination has completely faded away.
You feel less wooden.
Your +0 hat unmelds from your body.
* * * LOW HITPOINT WARNING * * *
You feel sick. The kobold closely misses you.
It was a potion of brilliance.
You feel clever all of a sudden. The kobold barely misses you.
It was a potion of haste.
You feel yourself speed up.
The kobold hits you with an uncursed whip!
You die...

#.#....##.#######...# #
#.#.##.##.)..##.#.#.#####
#.#.##.#####.##...._..#..
#....#.....#.##.###.#.#.#
##########.#....# #.#...#
#.###### #.#.#.# ###.#
#.#.### #...# #.#....
#@### #.##### #...K.# ...
#..#### #. # #.## #...
####


You could see a kobold.

Vanquished Creatures
  5 adders
  A worm (D:2)
  3 dart slugs (D:2)
  2 leopard geckos
  An orc (D:3)
  2 ball pythons
  3 goblins (D:1)
  5 hobgoblins
  3 jackals (D:1)
  9 kobolds
  7 bats
  2 frilled lizards
  6 rats
49 creatures vanquished.

Notes
Turn   | Place    | Note
-------+----------+-------------------------------------------
     0 | D:1      | Zebedee the Octopode Wizard began the quest for the Orb.
     0 | D:1      | Reached XP level 1. HP: 11/11 MP: 4/4
   305 | D:1      | Reached XP level 2. HP: 17/17 MP: 0/6
   381 | D:1      | Learned a level 2 spell: Blink
   520 | D:1      | Reached skill level 3 in Stealth
   993 | D:2      | Reached XP level 3. HP: 19/21 MP: 7/7
  1074 | D:2      | Learned a level 3 spell: Conjure Flame
  1990 | D:2      | Reached XP level 4. HP: 27/27 MP: 0/9
  2207 | D:2      | Learned a level 2 spell: Call Imp
  2652 | D:3      | Found a sparkling altar of Nemelex Xobeh.
  2957 | D:3      | Reached skill level 4 in Stealth
  2965 | D:3      | HP: 1/27 [poisoned by an adder]
  2967 | D:3      | Mangled by a kobold

Skill      XL: |  1  2  3  4 |
---------------+-------------+-----
Stealth        | 3 4 |  4.1
Short Blades   | |  0.4
Dodging        | |  2.4
Spellcasting   | |  3.5
Conjurations   | |  1.5
Summonings     | |  1.3
Translocations | |  1.7
Fire Magic     | |  0.8

Action                   |  1- 3 |  4- 6 || total
-------------------------+-------+-------++-------
Melee: Unarmed           |     2 |       ||     2
       Short sword       |    16 |    20 ||    36
       Constrict         |     3 |     5 ||     8
       Tentacles         |     3 |     2 ||     5
 Cast: Magic Dart        |    95 |    23 ||   118
       Conjure Flame     |     1 |     1 ||     2
  Use: Potion            |       |     5 ||     5
 Stab: Sleeping          |     3 |     2 ||     5
  Eat: Chunk             |     3 |     3 ||     6
Armor: Skin              |     2 |    10 ||    12
Dodge: Dodged            |    15 |    23 ||    38
